WBF
SINGAPORE FUSION @ HONG KONG PATRIOTS
09/19/2107
 
TOP OF THE 1ST
Singapore Fusion batting - Pitching for Hong Kong Patriots : LHP Artus Young
Pitching: LHP Artus Young
Batting: RHB Kombayn Wadovsky 0-0: Ball
1-0: Bunt for hit to 5S - play at first, batter safe!
Batting: LHB Ntagahera Mutemi 0-0: Called Strike
0-1: Ball
1-1: Foul Ball, location: 2RF
1-2: Foul Ball, location: 2F
1-2: Ball
2-2: Ball
3-2: Fly out, F7 (Flyball, 7S, EV 80.0 MPH)
Batting: RHB Karim Fareed 0-0: Ball
1-0: Called Strike
1-1: Ball
2-1: Ball
3-1: Swinging Strike
3-2: SINGLE (Groundball, 6MD, EV 106.9 MPH)
Kombayn Wadovsky to second
Runner from 2nd tries for 3rd, SAFE, throw by CF made to third
Batting: RHB Yoonus bin Husam al Din 0-0: Called Strike
0-1: Ball
1-1: Grounds into double play, 5-4-3 (Groundball, 56S, EV 83.1 MPH)
Top of the 1st over - 0 runs, 2 hits, 0 errors, 1 left on base; Singapore 0 - Hong Kong 0
BOTTOM OF THE 1ST
Hong Kong Patriots batting - Pitching for Singapore Fusion : RHP Yasa Tonga
Pitching: RHP Yasa Tonga
Batting: RHB Julien Carpentier 0-0: Ball
1-0: SINGLE (Line Drive, 8LS, EV 88.1 MPH)
Batting: LHB Nicolae Abrudan 0-0: Foul Ball, location: 2F
0-1: Ball
Julien Carpentier steals 2nd base
1-1: Fly out, F8 (Line Drive, 78M, EV 96.3 MPH)
Batting: LHB Tiet Sa 0-0: Ball
Julien Carpentier steals 3rd base
1-0: Ground out 4-3 (Groundball, 4, EV 101.3 MPH)
Julien Carpentier scores
Batting: LHB Fesseha Benslimane 0-0: Ball
1-0: Ball
2-0: Ball
3-0: Base on Balls
Batting: LHB Faisal bin Nasir al Din 0-0: Ground out 4-3 (Groundball, 4, EV 83.8 MPH)
Bottom of the 1st over - 1 run, 1 hit, 0 errors, 1 left on base; Singapore 0 - Hong Kong 1
TOP OF THE 2ND
Singapore Fusion batting - Pitching for Hong Kong Patriots : LHP Artus Young
Batting: LHB Ihsan Basil 0-0: Ground out 5-3 (Groundball, 5, EV 86.9 MPH)
Batting: RHB Mzee Mukuru 0-0: Ball
1-0: DOUBLE (Line Drive, 89XD, EV 101.9 MPH)
Batting: LHB Abdul-Aliyy Muslim 0-0: Ball
1-0: SINGLE (Flyball, 8LS, EV 90.0 MPH)
Mzee Mukuru to third
Runner from 3rd tries for Home, SAFE, throw by CF to home
Batting: RHB Kamesh Mehendale 0-0: Called Strike
0-1: Ball
1-1: Fielders Choice at 2nd, 5-4 (Groundball, 56S, EV 76.9 MPH)
Batting: SHB Ayele Mukanda 0-0: Ball
1-0: Called Strike
1-1: Ball
2-1: Swinging Strike
2-2: Foul Ball, location: 9LSF
2-2: Foul Ball, location: 2F
2-2: Ball
3-2: SINGLE (Line Drive, 9LS, EV 92.5 MPH)
Kamesh Mehendale to second
Kamesh Mehendale to third
Batting: RHB Kombayn Wadovsky 0-0: Ball
1-0: Foul Ball, location: 9LSF
1-1: Called Strike
1-2: Ball
2-2: Foul Ball, location: 9LDF
2-2: Fly out, F3 (Popup, 3S, EV 80.0 MPH)
Top of the 2nd over - 1 run, 3 hits, 0 errors, 2 left on base; Singapore 1 - Hong Kong 1
BOTTOM OF THE 2ND
Hong Kong Patriots batting - Pitching for Singapore Fusion : RHP Yasa Tonga
Batting: RHB Elza George 0-0: Ball
1-0: Ground out 6-3 (Groundball, 6, EV 86.9 MPH)
Batting: SHB Raxman Akinsanya 0-0: Called Strike
0-1: Foul Ball, location: 25F
0-2: SINGLE (Line Drive, 9S, EV 105.6 MPH)
Batting: LHB Christian Grange 0-0: Called Strike
Raxman Akinsanya steals 2nd base
0-1: Ball
1-1: Ball
2-1: Foul Ball, location: 2F
2-2: Fly out, F8 (Flyball, 8LS, EV 89.4 MPH)
Batting: LHB Zakariyya bin Khair al Din 0-0: Called Strike
0-1: SINGLE (Line Drive, 34D, EV 98.1 MPH)
Raxman Akinsanya to third
Runner from 3rd tries for Home, SAFE, throw by RF to home
Batting: RHB Julien Carpentier 0-0: Ball
1-0: Called Strike
1-1: Ground out 5-3 (Groundball, 56S, EV 86.9 MPH)
Bottom of the 2nd over - 1 run, 2 hits, 0 errors, 1 left on base; Singapore 1 - Hong Kong 2
TOP OF THE 3RD
Singapore Fusion batting - Pitching for Hong Kong Patriots : LHP Artus Young
Batting: LHB Ntagahera Mutemi 0-0: Swinging Strike
0-1: Called Strike
0-2: Ball
1-2: Strikes out swinging
Batting: RHB Karim Fareed 0-0: Ball
1-0: Fly out, F8 (Flyball, 89M, EV 88.8 MPH)
Batting: RHB Yoonus bin Husam al Din 0-0: Ball
1-0: Called Strike
1-1: Foul Ball, location: 9LDF
1-2: SINGLE (Line Drive, 78S, EV 103.8 MPH)
Batting: LHB Ihsan Basil 0-0: Ball
1-0: Ball
2-0: Called Strike
2-1: Ball
3-1: Base on Balls
Yoonus bin Husam al Din to second
Batting: RHB Mzee Mukuru 0-0: Called Strike
0-1: Called Strike
0-2: Strikes out swinging
Top of the 3rd over - 0 runs, 1 hit, 0 errors, 2 left on base; Singapore 1 - Hong Kong 2
BOTTOM OF THE 3RD
Hong Kong Patriots batting - Pitching for Singapore Fusion : RHP Yasa Tonga
Batting: LHB Nicolae Abrudan 0-0: Ball
1-0: Ball
2-0: Called Strike
2-1: Swinging Strike
2-2: Foul Ball, location: 9LSF
2-2: SINGLE (Line Drive, 78S, EV 90.0 MPH)
Batting: LHB Tiet Sa 0-0: Called Strike
0-1: Bunted foul
0-2: Ball
1-2: Ball
2-2: Fly out, F9 (Flyball, 9, EV 81.9 MPH)
Batting: LHB Fesseha Benslimane 0-0: Ball
1-0: Fly out, F6 (Popup, 4MD, EV 68.1 MPH)
Batting: LHB Faisal bin Nasir al Din 0-0: Fly out, F9 (Flyball, 9, EV 97.5 MPH)
Bottom of the 3rd over - 0 runs, 1 hit, 0 errors, 1 left on base; Singapore 1 - Hong Kong 2
TOP OF THE 4TH
Singapore Fusion batting - Pitching for Hong Kong Patriots : LHP Artus Young
Batting: LHB Abdul-Aliyy Muslim 0-0: Foul Ball, location: 2F
0-1: Swinging Strike
0-2: Strikes out swinging
Batting: RHB Kamesh Mehendale 0-0: SINGLE (Line Drive, 3D, EV 104.4 MPH)
Batting: SHB Ayele Mukanda 0-0: Ball
1-0: Ball
2-0: Foul Ball, location: 3FF
2-1: Foul Ball, location: 2F
2-2: Foul Ball, location: 5FF
2-2: Ball
3-2: SINGLE (Groundball, 6, EV 85.0 MPH)
Kamesh Mehendale to second
Batting: RHB Kombayn Wadovsky 0-0: Ball
1-0: Fielders Choice at 2nd, 6-4 (Groundball, 6, EV 101.9 MPH)
Kamesh Mehendale to third
Batting: LHB Ntagahera Mutemi 0-0: Foul Ball, location: 5F
0-1: Foul Ball, location: 7LMF
0-2: Ball
1-2: Foul Ball, location: 3F
1-2: Ball
2-2: Foul Ball, location: 9LMF
2-2: Foul Ball, location: 9LSFF
2-2: SINGLE (Line Drive, 7S, EV 94.4 MPH)
Kamesh Mehendale scores
Kombayn Wadovsky to second
Batting: RHB Karim Fareed 0-0: Ground out 6-3 (Groundball, 6S, EV 65.6 MPH)
Top of the 4th over - 1 run, 3 hits, 0 errors, 2 left on base; Singapore 2 - Hong Kong 2
BOTTOM OF THE 4TH
Hong Kong Patriots batting - Pitching for Singapore Fusion : RHP Yasa Tonga
Batting: RHB Elza George 0-0: Ball
1-0: Ground out 6-3 (Groundball, 6M, EV 95.6 MPH)
Batting: SHB Raxman Akinsanya 0-0: Called Strike
0-1: Swinging Strike
0-2: Ball
1-2: Ground out 5-3 (Groundball, 56, EV 78.8 MPH)
Batting: LHB Christian Grange 0-0: TRIPLE (Line Drive, 89XD, EV 106.9 MPH)
Batting: LHB Zakariyya bin Khair al Din 0-0: Ball
1-0: Ball
2-0: Fly out, F7 (Line Drive, 7, EV 101.3 MPH)
Bottom of the 4th over - 0 runs, 1 hit, 0 errors, 1 left on base; Singapore 2 - Hong Kong 2
TOP OF THE 5TH
Singapore Fusion batting - Pitching for Hong Kong Patriots : LHP Artus Young
Batting: RHB Yoonus bin Husam al Din 0-0: Called Strike
0-1: Foul Ball, location: 5F
0-2: Ball
1-2: Ball
2-2: Ball
3-2: Foul Ball, location: 2F
3-2: Fly out, F7 (Flyball, 7LSF, EV 79.4 MPH)
Batting: LHB Ihsan Basil 0-0: Foul Ball, location: 2F
0-1: Fly out, F4 (Line Drive, 4M, EV 67.5 MPH)
Batting: RHB Mzee Mukuru 0-0: Ball
1-0: Called Strike
1-1: Fly out, F4 (Popup, 34, EV 55.6 MPH)
Top of the 5th over - 0 runs, 0 hits, 0 errors, 0 left on base; Singapore 2 - Hong Kong 2
BOTTOM OF THE 5TH
Hong Kong Patriots batting - Pitching for Singapore Fusion : RHP Yasa Tonga
Batting: RHB Julien Carpentier 0-0: Foul Ball, location: 5F
0-1: Ball
1-1: Foul Ball, location: 2F
1-2: Fly out, F9 (Line Drive, 9, EV 98.1 MPH)
Batting: LHB Nicolae Abrudan 0-0: Ball
1-0: Ball
2-0: Swinging Strike
2-1: Foul Ball, location: 2F
2-2: SOLO HOME RUN (Flyball, 9LD, EV 93.8 MPH), Distance : 342 ft
Batting: LHB Tiet Sa 0-0: Ball
1-0: Ball
2-0: Ground out 1-3 (Groundball, 34S, EV 64.4 MPH)
Batting: LHB Fesseha Benslimane 0-0: Called Strike
0-1: SINGLE (Line Drive, 7S, EV 96.3 MPH)
Batting: LHB Faisal bin Nasir al Din 0-0: Called Strike
Fesseha Benslimane steals 2nd base
0-1: Ball
1-1: Foul Ball, location: 9LSF
1-2: Ball
2-2: Foul Ball, location: 2F
2-2: Foul Ball, location: 3FF
2-2: Foul Ball, location: 25FF
2-2: DOUBLE (Line Drive, 3D, EV 100.0 MPH)
Fesseha Benslimane scores
Batting: RHB Elza George 0-0: Fly out, F8 (Flyball, 8LM, EV 79.4 MPH)
Bottom of the 5th over - 2 runs, 3 hits, 0 errors, 1 left on base; Singapore 2 - Hong Kong 4
TOP OF THE 6TH
Singapore Fusion batting - Pitching for Hong Kong Patriots : LHP Artus Young
Pitching: RHP Daniel Chioh
Batting: LHB Abdul-Aliyy Muslim 0-0: Called Strike
0-1: Called Strike
0-2: Ball
1-2: Ball
2-2: Foul Ball, location: 3F
2-2: Fly out, F7 (Flyball, 7S, EV 94.4 MPH)
Pinch Hitting: LHB Admer Maranga 0-0: Ball
1-0: Ball
2-0: Swinging Strike
2-1: Ball
3-1: Ground out 5-3 (Groundball, 56, EV 90.6 MPH)
Batting: SHB Ayele Mukanda 0-0: Ball
1-0: Swinging Strike
1-1: Ball
2-1: Foul Ball, location: 2F
2-2: Foul Ball, location: 2LF
2-2: Ball
3-2: Strikes out looking
Top of the 6th over - 0 runs, 0 hits, 0 errors, 0 left on base; Singapore 2 - Hong Kong 4
BOTTOM OF THE 6TH
Hong Kong Patriots batting - Pitching for Singapore Fusion : RHP Yasa Tonga
Now at 1B: Admer Maranga
Now at 2B: Mzee Mukuru
Batting: SHB Raxman Akinsanya 0-0: Ball
1-0: Foul Ball, location: 5F
1-1: Ball
2-1: Called Strike
2-2: Ground out 6-3 (Groundball, 6, EV 83.1 MPH)
Batting: LHB Christian Grange 0-0: SINGLE (Groundball, 6MS, EV 73.1 MPH) (infield hit)
Batting: LHB Zakariyya bin Khair al Din 0-0: Ball
1-0: Ball
Christian Grange steals 2nd base
2-0: Called Strike
2-1: Fly out, F9 (Flyball, 89XD, EV 95.6 MPH)
Runner from 2nd tags up, SAFE at 3rd, no throw by RF
Batting: RHB Julien Carpentier 0-0: Ball
1-0: Called Strike
1-1: Called Strike
1-2: Ground out 5-3 (Groundball, 56, EV 85.0 MPH)
Bottom of the 6th over - 0 runs, 1 hit, 0 errors, 1 left on base; Singapore 2 - Hong Kong 4
TOP OF THE 7TH
Singapore Fusion batting - Pitching for Hong Kong Patriots : RHP Daniel Chioh
Pitching: RHP Du Nguyen-Khoa
Now at 2B: Raxman Akinsanya
Now at SS: Chih-tui Zhou
Now in CF: Ayan Maazouzi
Batting: RHB Kombayn Wadovsky 0-0: Ground out U3 (Groundball, 3S, EV 69.4 MPH)
Batting: LHB Ntagahera Mutemi 0-0: Ball
1-0: Swinging Strike
1-1: Foul Ball, location: 2F
1-2: Ground out 4-3 (Groundball, 4, EV 99.4 MPH)
Batting: RHB Karim Fareed 0-0: Fly out, F7 (Line Drive, 78M, EV 88.8 MPH)
Top of the 7th over - 0 runs, 0 hits, 0 errors, 0 left on base; Singapore 2 - Hong Kong 4
BOTTOM OF THE 7TH
Hong Kong Patriots batting - Pitching for Singapore Fusion : RHP Yasa Tonga
Batting: LHB Nicolae Abrudan 0-0: Ball
1-0: Fly out, F9 (Flyball, 89M, EV 89.4 MPH)
Pitching: RHP Colin Owen
Batting: LHB Tiet Sa 0-0: SINGLE (Groundball, 34D, EV 107.5 MPH)
Batting: LHB Fesseha Benslimane 0-0: Called Strike
0-1: Called Strike
0-2: Ball
1-2: Ball
2-2: Ball
3-2: Foul Ball, location: 5F
3-2: Foul Ball, location: 2F
3-2: Base on Balls
Tiet Sa to second
Batting: LHB Faisal bin Nasir al Din 0-0: Ball
1-0: SINGLE (Line Drive, 78D, EV 106.3 MPH)
Tiet Sa to third
Fesseha Benslimane to second
Batting: LHB Ayan Maazouzi 0-0: Ball
1-0: Called Strike
1-1: Ball
2-1: Foul Ball, location: 5DF
2-2: Strikes out swinging
Batting: SHB Raxman Akinsanya 0-0: Fly out, F8 (Flyball, 78D, EV 95.6 MPH)
Bottom of the 7th over - 0 runs, 2 hits, 0 errors, 3 left on base; Singapore 2 - Hong Kong 4
TOP OF THE 8TH
Singapore Fusion batting - Pitching for Hong Kong Patriots : RHP Du Nguyen-Khoa
Now at 2B: Chih-tui Zhou
Now at SS: Alex Alvarez
Pinch Hitting: LHB Chalis Jabir 0-0: Ball
1-0: Fly out, F5 (Popup, 15, EV 75.6 MPH)
Batting: LHB Ihsan Basil 0-0: Called Strike
0-1: Ball
1-1: Ball
2-1: Ground out U3 (Groundball, 34, EV 103.1 MPH)
Batting: RHB Mzee Mukuru 0-0: Ball
1-0: SINGLE (Line Drive, 89S, EV 108.1 MPH)
Batting: LHB Abdul-Aliyy Muslim 0-0: Ball
1-0: Foul Ball, location: 7LDF
1-1: Foul Ball, location: 2F
1-2: Foul Ball, location: 2LF
1-2: Strikes out swinging
Top of the 8th over - 0 runs, 1 hit, 0 errors, 1 left on base; Singapore 2 - Hong Kong 4
BOTTOM OF THE 8TH
Hong Kong Patriots batting - Pitching for Singapore Fusion : RHP Colin Owen
Pitching: RHP Kyu-jin Shin
Now in LF: Jesus Duran
Batting: RHB Chih-tui Zhou 0-0: Ball
1-0: Swinging Strike
1-1: Swinging Strike
1-2: Strikes out swinging
Batting: LHB Zakariyya bin Khair al Din 0-0: SINGLE (Groundball, 34D, EV 97.5 MPH)
Batting: RHB Julien Carpentier 0-0: Called Strike
0-1: Ball
1-1: Foul Ball, location: 25F
1-2: Foul Ball, location: 2F
1-2: Ball
2-2: Foul Ball, location: 7LSF
2-2: Foul Ball, location: 9LDF
2-2: Strikes out looking
Batting: LHB Nicolae Abrudan 0-0: Ball
1-0: Ground out 4-3 (Groundball, 34, EV 88.8 MPH)
Bottom of the 8th over - 0 runs, 1 hit, 0 errors, 1 left on base; Singapore 2 - Hong Kong 4
TOP OF THE 9TH
Singapore Fusion batting - Pitching for Hong Kong Patriots : RHP Du Nguyen-Khoa
Pitching: LHP Breen Boyle
Batting: LHB Admer Maranga 0-0: Ball
1-0: Foul Ball, location: 5DF
1-1: Ball
2-1: Ball
3-1: Fly out, F9 (Flyball, 89S, EV 93.1 MPH)
Batting: SHB Ayele Mukanda 0-0: Called Strike
0-1: Swinging Strike
0-2: Ball
1-2: Strikes out swinging
Batting: RHB Kombayn Wadovsky 0-0: Ball
1-0: Called Strike
1-1: Called Strike
1-2: Ground out 6-3 (Groundball, 6MD, EV 99.4 MPH)
Top of the 9th over - 0 runs, 0 hits, 0 errors, 0 left on base; Singapore 2 - Hong Kong 4
Friday, October 6th , 2023 - OOTP Baseball 24.10 Build 82